 Dungeon Crawl Stone Soup version 0.19.1 (webtiles) character file.

63 ImaNewbie the Cudgeler (level 4, 0/44 HPs)
             Began as an Ogre Gladiator on Dec 27, 2016.
             Was an Initiate of Okawaru.
             Slain by a bullfrog (9 damage)
             ... on level 1 of the Dungeon.
             The game lasted 00:01:38 (1165 turns).

ImaNewbie the Cudgeler (Ogre Gladiator)             Turns: 1165, Time: 00:01:38

Health: 0/44       AC:  3    Str: 21    XL:     4   Next: 10%
Magic:  4/4        EV: 10    Int:  7    God:    Okawaru [......]
Gold:   45         SH:  0    Dex: 10    Spells: 0 memorised, 3 levels left

rFire  . . .     SeeInvis .     a - +0 flail
rCold  . . .     Gourm    .     b - +0 robe
rNeg   . . .     Faith    .     (no shield)
rPois  .         Spirit   .     c - +0 hat
rElec  .         Reflect  .     (no cloak)
rCorr  .         Harm     .     (gloves unavailable)
MR     .....                    (boots unavailable)
Stlth  +.........               (no amulet)
                                (no ring)
                                (no ring)

@: no status effects
A: unfitting armour, tough skin 1
a: Renounce Religion


You were on level 1 of the Dungeon.
You worshipped Okawaru.
Okawaru was noncommittal.
You were not hungry.

You visited 1 branch of the dungeon, and saw 2 of its levels.

You collected 45 gold pieces.

Inventory:

Hand Weapons
 a - a +0 flail (weapon)
Missiles
 d - 3 throwing nets (quivered)
Armour
 b - a +0 robe (worn)
 c - a +0 hat (worn)
Scrolls
 i - a scroll of enchant weapon {unknown}
 k - 3 scrolls of identify {unknown}
 l - a scroll of magic mapping {unknown}
Potions
 e - 2 potions of curing {unknown}
 j - a potion of resistance {unknown}
 m - a potion of agility {unknown}
Comestibles
 f - a bread ration
 g - 2 meat rations
 h - 2 chunks of flesh
 n - a slice of pizza


   Skills:
 - Level 2.6 Fighting
 + Level 6.4 Maces & Flails
 - Level 2.0 Throwing
 - Level 2.6 Dodging


You had 3 spell levels left.
You didn't know any spells.

Dungeon Overview and Level Annotations

Branches:
Dungeon (2/15)

Altars:
Okawaru


Innate Abilities, Weirdness & Mutations

You are too large for most types of armour.
You have tough skin. (AC +1)


Message History

The bullfrog is moderately wounded.
The bullfrog hits you but does no damage.
The bullfrog hits you.
You closely miss the bullfrog.
The bullfrog is moderately wounded.
The bullfrog barely misses you. The bullfrog closely misses you.
You hit the bullfrog.
The bullfrog is heavily wounded.
The bullfrog completely misses you.
You closely miss the bullfrog.
The bullfrog is heavily wounded.
The bullfrog hits you! The bullfrog hits you.
You closely miss the bullfrog.
The bullfrog is heavily wounded.
The bullfrog hits you!
* * * LOW HITPOINT WARNING * * *
You hit the bullfrog but do no damage.
The bullfrog is heavily wounded.
The bullfrog barely misses you. The bullfrog hits you!
You die...

#.......########.....##...
#.......F@)>.........''...
##..............#.....##...
#..............)#.....##...
#....[..........#.....##...
#...............########...
#...............# #...
########........# #...
###'#+#### #... #.#.#####
####
#########.......##########
#.+.##....................
#.#.##.............#####..
#.#.##.............# #..
#.#.##.............# #..
#.#.##..........)..# #..
#.'.<#.............#####..


You could see a bullfrog.

Vanquished Creatures
  2 gnolls
  An adder (D:2)
  2 dart slugs
  A leopard gecko (D:1)
  A giant cockroach (D:2)
  4 goblins
  6 hobgoblins
  3 jackals (D:1)
  A quokka (D:1)
  2 bats (D:1)
  3 frilled lizards
  4 kobolds (D:1)
  A rat (D:1)
31 creatures vanquished.

Notes
Turn   | Place    | Note
-------+----------+-------------------------------------------
     0 | D:1      | ImaNewbie the Ogre Gladiator began the quest for the Orb.
     0 | D:1      | Reached XP level 1. HP: 22/22 MP: 1/1
   160 | D:1      | Reached XP level 2. HP: 21/29 MP: 2/2
   225 | D:1      | Reached skill level 5 in Maces & Flails
   499 | D:1      | Found an iron altar of Okawaru.
   509 | D:1      | Became a worshipper of Warmaster Okawaru
   513 | D:1      | Reached XP level 3. HP: 28/36 MP: 3/3
  1045 | D:2      | Reached skill level 6 in Maces & Flails
  1156 | D:1      | Reached XP level 4. HP: 33/44 MP: 4/4
  1157 | D:1      | Noticed a bullfrog
  1165 | D:1      | Slain by a bullfrog

Skill      XL: |  1  2  3 |
---------------+----------+-----
Maces & Flails | 5 6 |  6.4
Fighting       | |  2.6
Throwing       | |  2.0
Dodging        | |  2.6

Action                   |  1- 3 |  4- 6 || total
-------------------------+-------+-------++-------
Melee: Flail             |    93 |     6 ||    99
 Stab: Sleeping          |     1 |       ||     1
  Eat: Chunk             |     1 |       ||     1
Armor: Robe              |    23 |     1 ||    24
Dodge: Dodged            |    58 |     4 ||    62
